AoeStats
← Death_Rider

Black Forest

506114872Analyzed
1v1 RM · 21d ago on Sep 12, 2026· 38m 26s· 2 players
Game mode
Random Map
Map size
Tiny (2 player)
Population
200
Speed
Normal
Resources
Standard
Victory
Conquest
Starting age
Dark Age
Ending age
Imperial Age
RankedLock teamsTeams togetherTeam positionsShared explorationLock speedFull tech treeHidden civsTurbo modeCheats
Victory
Defeat
🇩🇪 Spanish · Germany
998
+14
🇦🇺 Britons · Australia
964
-14
hotdad
0:31 Loom
12:10 Feudal Age
14:44 Horse Collar
18:07 Castle Age
16:33 Double-Bit Axe
21:11 Heavy Plow
21:24 Bow Saw
24:37 Fletching
25:53 Crossbowman
30:16 Imperial Age
27:58 Town Watch
29:18 Padded Archer Armor
29:41 Bodkin Arrow
30:34 Fortified Wall
30:34 Masonry
31:38 Wheelbarrow
32:06 Gold Mining
32:10 Stone Mining
33:34 Arbalester
35:35 Yeomen
Death_Rider
9:29 Feudal Age
9:57 Double-Bit Axe
10:07 Horse Collar
17:54 Castle Age
16:22 Gold Mining
19:20 Loom
19:21 Town Watch
23:08 Wheelbarrow
22:34 Town Patrol
22:52 Bow Saw
24:30 Heavy Plow
28:32 Imperial Age
26:53 Stone Mining
27:59 Hand Cart
27:45 Town Patrol
28:46 Stone Shaft Mining
29:01 Onager
30:56 Two-Man Saw
31:22 Conscription
31:13 Husbandry
31:24 Bloodlines
31:08 Light Cavalry
32:07 Forging
32:27 Scale Barding Armor
32:19 Cavalier
34:19 Hussar
35:45 Ballistics
36:26 Chemistry
38:11 Chain Barding Armor
38:27 Iron Casting
39:22 Hoardings
Connection lost

Rejoining the realm…

Still unreachable

The connection could not be restored.

Session expired

The server has moved on; the page needs a fresh start.